 Dungeon Crawl Stone Soup version 0.18-a0-1542-g9c1a92e (webtiles) character file.

93 Ijustatesigmund the Insei (level 4, -2/31 HPs)
             Began as an Octopode Transmuter on Mar 10, 2016.
             Slain by an orc
             ... wielding a +0 hand axe
              (3 damage)
             ... on level 3 of the Dungeon.
             The game lasted 00:04:55 (3103 turns).

Ijustatesigmund the Insei (Octopode Transmuter)     Turns: 3103, Time: 00:04:55

Health: -2/31      AC:  2    Str:  9    XL:     4   Next: 62%
Magic:  1/7        EV: 19    Int: 16    God:
Gold:   80         SH:  0    Dex: 17    Spells: 3 memorised, 1 level left

rFire  . . .     SeeInvis .       - Unarmed
rCold  . . .     Gourm    .     (shield currently unavailable)
rNeg   . . .     Faith    .     (helmet currently unavailable)
rPois  x         Spirit   .     (no amulet)
rElec  .         Dismiss  .     h - ring of stealth
rCorr  .         Reflect  .     (no ring)
SustAt .         Harm     .     (no ring)
MR     .....                    (no ring)
Stlth  +++.......               (no ring)
                                (no ring)
                                (no ring)
                                (no ring)

@: spider-form, very slightly contaminated, not resistant to hostile
enchantments, fairly stealthy
A: almost no armour, (amphibious), 8 rings, (constrict 8), (camouflage 0),
(gelatinous body 0)
a: End Transformation


You were on level 3 of the Dungeon.
You were not hungry.
You were a venomous arachnid creature.
You visited 1 branch of the dungeon, and saw 3 of its levels.

You collected 80 gold pieces.

Inventory:

Missiles
 a - 75 arrows
 g - 16 poisoned arrows
 i - 2 tomahawks of returning (quivered)
Jewellery
 h - a ring of stealth (left front leg)
Scrolls
 e - a scroll of immolation
 l - 2 scrolls of remove curse
 m - a scroll of magic mapping
Potions
 j - 2 potions of berserk rage
 n - a potion of curing
Books
 b - a book of Changes

   Spells                             Type                      Level
   a - Beastly Appendage              Transmutation                1
   b - Sticks to Snakes               Transmutation                2
   c - Spider Form                    Transmutation/Poison         3
   d - Ice Form                       Ice/Transmutation            4
   e - Blade Hands                    Transmutation                5
Comestibles
 c - a bread ration
 d - 3 meat rations
 f - 3 fruits
 o - 2 chunks of flesh


   Skills:
 + Level 3.0 Fighting
 - Level 2.0 Dodging
 + Level 3.8 Unarmed Combat
 - Level 2.0 Spellcasting
 - Level 2.0 Transmutations
 + Level 1.9 Poison Magic


You had one spell level left.
You knew the following spells:

 Your Spells              Type           Power        Failure   Level  Hunger
a - Beastly Appendage     Trmt           #.....       24%         1    #......
b - Sticks to Snakes      Trmt           #.......     32%         2    ###....
c - Spider Form           Trmt/Pois      #.........   56%         3    ###....


Dungeon Overview and Level Annotations

Branches:
Dungeon (3/15)

Altars:
Kikubaaqudgha


Innate Abilities, Weirdness & Mutations

You cannot wear most types of armour.
((You are amphibious.))
You can wear up to eight rings at the same time.
((You can use your tentacles to constrict eight enemies at once.))
((Your skin changes colour to match your surroundings (Stealth).))
((Your rubbery body absorbs attacks (AC +1).))


Message History

You tentacle-slap the orc but do no damage.
The orc is severely wounded.
You constrict the orc. The orc hits you with a hand axe.
* * * LOW HITPOINT WARNING * * *
The orc completely misses you.
You are too injured to fight recklessly!
Casting: Spider Form
Confirm with . or Enter, or press ? or * to list all spells.
Your tentacle spike disappears.
You turn into a venomous arachnid creature.
You lose your grip on the orc.
The orc barely misses you. x2
The orc hits you with a whip!
* * * LOW HITPOINT WARNING * * *
You are too injured to fight recklessly!
You are too injured to fight recklessly!
You barely miss the orc.
The quokka twitches its whiskers.
You hit the orc but do no damage.
The orc is poisoned.
The orc barely misses you. x2; The orc hits you with a hand axe.
You die...

#..#.#.#.# #..#.#.#. ...
... #....... .........
#..#.#.#.## #.##.....
#.....>... ......... #
#..#.# #.####.##.#...
#.###..#.###.........#...
##.....roo................
........os##..####.###.#..
#>#####...$................
......................#.#..
#........###..##.##.#.#....
#.#...#..........##.#.#....
#####..#....#..##.#[#.##.
....#.##.......#.#.##.
#.....%..#..####.#.##.
###.#.......# #.#....


You could see 3 orcs and a quokka.

Vanquished Creatures
  3 adders
  2 dart slugs (D:1)
  2 giant geckos
  A bat (D:1)
  2 giant cockroaches (D:1)
  3 goblins (D:1)
  11 hobgoblins
  6 jackals
  10 kobolds
  2 quokkas
  2 ball pythons
  2 giant gecko zombies (D:1)
  4 giant newts
  11 rats
61 creatures vanquished.

Notes
Turn   | Place    | Note
--------------------------------------------------------------
     0 | D:1      | Ijustatesigmund the Octopode Transmuter began the quest for the Orb.
     0 | D:1      | Reached XP level 1. HP: 13/13 MP: 3/3
   526 | D:1      | Reached XP level 2. HP: 16/18 MP: 5/5
   748 | D:1      | Learned a level 2 spell: Sticks to Snakes
   859 | D:1      | Reached XP level 3. HP: 24/24 MP: 6/6
   869 | D:1      | Learned a level 3 spell: Spider Form
  1714 | D:2      | Reached skill level 1 in Poison Magic
  1862 | D:2      | Reached XP level 4. HP: 30/30 MP: 7/7
  1982 | D:2      | Found an ancient bone altar of Kikubaaqudgha.
  3099 | D:3      | HP: 1/31 [orc/whip (7)]
  3103 | D:3      | Slain by an orc

Vault maps used:
D:1:      saegor_arrival_fortress
D:2:      lemuel_doored_altar
D:3:      grunt_temple_overflow_cloverleaf, nicolae_qazlal_eye_of_the_storm,
          first_bread

Skill      XL: |  1  2  3  4 |
---------------+-------------+-----
Fighting       | 2 3 |  3.0
Poison Magic   | 1 |  1.9
Dodging        | |  2.0
Unarmed Combat | |  3.8
Spellcasting   | |  2.0
Transmutations | |  2.0

Action                   |  1- 3 |  4- 6 || total
-------------------------+-------+-------++-------
Melee: Unarmed           |    96 |    43 ||   139
 Cast: Beastly Appendage |       |     3 ||     3
       Spider Form       |       |     1 ||     1
       Sticks to Snakes  |       |     1 ||     1
  Use: Scroll            |     1 |     7 ||     8
 Stab: Sleeping          |     9 |     5 ||    14
  Eat: Chunk             |     2 |     5 ||     7
